Map: Triton LE

Players

liquidthermy (uThermal)

  • Race: Terran Terran
  • Spawn Location: 5:00

Neeblet (Neeb) - Winner!

  • Race: Protoss Protoss
  • Spawn Location: 11:00

VOD

Have the link to the VOD?

Description

Time

  • Played on: Jan. 14, 2020, 12:15 p.m.
  • Length: 9:37
Show
View Real Time Build Order
Export as new Build Order

liquidthermy Terran 

Build Orders: Liberator Opening, Reaper Expand, Mech 

Get SALT Encoding   

  12  0:01  SCV  
  13  0:13  SCV  
  14  0:17  Supply Depot  
  14  0:25  SCV  
  15  0:38  SCV  
  15  0:40  Barracks  
  16  0:43  Refinery  
  16  0:50  SCV  
  17  1:02  SCV  
  18  1:14  SCV  
  19  1:27  Orbital Command, Reaper  
  20  1:40  Command Center  
  20  1:50  Supply Depot  
  20  1:53  SCV  
  21  1:59  Barracks Reactor  
  21  2:05  SCV  
  21  2:06  Refinery  
  22  2:16  Bunker  
  22  2:17  SCV  
  23  2:24  Factory  
  23  2:29  SCV  
  24  2:35  Marine  
  24  2:36  Marine  
  26  2:42  SCV  
  27  2:53  Marine, Orbital Command  
  27  2:54  Marine, SCV  
  30  3:06  SCV  
  30  3:09  Starport, Factory Tech Lab  
  30  3:11  Marine x2  
  33  3:18  SCV  
  33  3:19  SCV  
  35  3:29  Liberator  
  35  3:30  Supply Depot  
  35  3:31  Marine  
  35  3:32  Marine  
  35  3:33  Siege Tank  
  40  3:34  SCV x2  
  42  3:44  Supply Depot  
  45  3:49  SCV  
  45  3:51  Marine x2  
  45  3:52  SCV  
  45  3:55  Supply Depot  
  49  4:02  SCV  
  50  4:08  Siege Tank  
  50  4:09  Marine x2  
  54  4:10  SCV  
  54  4:14  SCV  
  56  4:25  Command Center  
  56  4:27  Marine x2  
  56  4:30  SCV x2  
  60  4:39  Supply Depot  
  60  4:40  Siege Tank  
  60  4:45  Marine x2, SCV  
  66  4:51  Refinery  
  66  4:52  Refinery  
  66  4:54  Supply Depot  
  66  4:57  SCV x2  
  66  4:58  Starport Tech Lab  
  68  5:03  Marine x2  
  70  5:09  SCV x2  
  72  5:17  Banshee  
  72  5:18  Supply Depot  
  76  5:21  SCV x2  
  75  5:30  Bunker  
  75  5:33  SCV  
  75  5:34  Bunker  
  75  5:35  Siege Tank  
  79  5:39  SCV  
  72  5:45  Orbital Command  
  64  5:51  Cloaking Field  
  64  5:53  SCV  
  64  5:55  SCV  
  59  6:00  Banshee  
  62  6:05  SCV, Factory  
  62  6:06  Barracks Tech Lab  
  62  6:07  Factory  
  62  6:09  Siege Tank  
  66  6:13  SCV  
  68  6:18  SCV  
  68  6:20  Orbital Command  
  68  6:24  Armory, Engineering Bay  
  68  6:25  SCV  
  69  6:30  SCV  
  70  6:37  SCV  
  70  6:38  Orbital Command  
  70  6:43  SCV, Banshee  
  71  6:49  SCV  
  72  6:55  SCV  
  72  7:00  Refinery  
  74  7:01  SCV  
  74  7:03  Refinery  
  74  7:04  Hellion  
  74  7:05  Hellion  
  74  7:06  SCV  
  74  7:07  SCV  
  80  7:12  Thor, Missile Turret  
  80  7:13  SCV  
  80  7:14  Thor, Missile Turret  
  93  7:18  SCV  
  93  7:19  SCV  
  93  7:20  Supply Depot  
  95  7:25  SCV  
  95  7:26  Banshee  
  95  7:28  Hellion  
  95  7:29  Hellion  
  103  7:30  Infernal Pre-Igniter  
  103  7:31  SCV x2  
  105  7:37  SCV  
  105  7:43  SCV x2  
  108  7:45  Supply Depot  
  108  7:46  Supply Depot  
  108  7:49  SCV, Hellion  
  108  7:50  Hellion  
  113  8:06  Thor x2  
  113  8:09  Banshee  
  128  8:13  SCV  
  124  8:20  SCV  
  124  8:26  Hellion  
  118  8:36  SCV  
  114  8:47  Orbital Command  
  111  8:49  Thor  
  111  8:51  Factory Tech Lab  
  111  8:54  Factory  
  113  8:56  SCV  
  113  9:01  SCV  
  115  9:07  Factory, Hellion x2  
  115  9:08  SCV  
  120  9:11  Refinery  
  120  9:12  SCV  
  120  9:13  SCV  
  120  9:15  Refinery  
  120  9:16  Supply Depot  
  122  9:17  Supply Depot x2  
  122  9:20  Command Center  
  122  9:21  SCV  
  128  9:24  SCV  
  128  9:25  SCV  
Show
View Real Time Build Order
Export as new Build Order

Neeblet Protoss - Winner!

Build Orders: 1 Gate Expand, Colossus Rush 

Get SALT Encoding   

  12  0:00  Probe  
  13  0:12  Probe  
  14  0:17  Pylon  
  14  0:25  Probe (Chrono Boost)  
  15  0:37  Probe (Chrono Boost)  
  15  0:38  Gateway  
  16  0:44  Probe (Chrono Boost)  
  16  0:46  Assimilator  
  17  0:51  Probe  
  18  1:03  Probe  
  19  1:15  Probe  
  20  1:22  Nexus  
  20  1:32  Cybernetics Core  
  20  1:35  Probe  
  21  1:41  Assimilator  
  21  1:47  Probe  
  21  1:50  Pylon  
  22  1:59  Probe (Chrono Boost)  
  23  2:05  Adept (Chrono Boost)  
  26  2:09  Probe (Chrono Boost)  
  26  2:13  Robotics Facility  
  26  2:14  Probe (Chrono Boost)  
  26  2:22  Warp Gate  
  27  2:26  Probe  
  28  2:31  Adept (Chrono Boost)  
  28  2:36  Probe  
  30  2:38  Probe  
  31  2:48  Probe  
  31  2:50  Probe  
  33  2:53  Adept (Chrono Boost)  
  35  3:00  Probe  
  35  3:02  Probe, Observer (Chrono Boost)  
  38  3:12  Probe  
  39  3:13  Pylon  
  39  3:14  Probe  
  39  3:19  Observer (Chrono Boost)  
  41  3:24  Probe  
  41  3:26  Probe  
  43  3:27  Gateway  
  43  3:28  Gateway  
  43  3:34  Observer  
  43  3:36  Probe  
  43  3:39  Probe (Chrono Boost)  
  46  3:42  Assimilator  
  46  3:44  Assimilator  
  46  3:48  Probe (Chrono Boost)  
  46  3:49  Pylon  
  46  3:54  Observer  
  48  3:56  Probe (Chrono Boost)  
  48  3:58  Probe (Chrono Boost), Robotics Bay  
  51  4:03  Probe x2 (Chrono Boost)  
  52  4:11  Immortal (Chrono Boost)  
  52  4:14  Probe  
  52  4:15  Probe  
  56  4:23  Nexus  
  56  4:26  Pylon  
  56  4:27  Probe  
  56  4:31  Sentry  
  59  4:32  Probe  
  59  4:36  Stalker  
  62  4:42  Pylon  
  62  4:43  Colossus (Chrono Boost)  
  63  4:50  Observer  
  68  4:53  Stalker  
  68  4:59  Pylon  
  70  5:00  Shield Battery  
  70  5:02  Zealot  
  70  5:03  Zealot  
  74  5:08  Probe x2  
  76  5:16  Extended Thermal Lance  
  76  5:17  Stalker  
  76  5:20  Probe  
  74  5:29  Stalker x2  
  74  5:35  Probe  
  79  5:37  Probe  
  79  5:40  Probe (Chrono Boost)  
  79  5:42  Observer  
  72  5:47  Probe (Chrono Boost)  
  72  5:49  Probe (Chrono Boost)  
  65  5:52  Probe (Chrono Boost)  
  67  5:58  Probe (Chrono Boost), Forge  
  67  5:59  Probe (Chrono Boost)  
  67  6:00  Forge  
  67  6:02  Probe (Chrono Boost), Observer  
  69  6:04  Probe x2 (Chrono Boost), Sentry x2  
  69  6:05  Sentry  
  69  6:11  Probe  
  78  6:13  Twilight Council  
  78  6:15  Probe  
  78  6:16  Protoss Ground Weapons Level 1, Warp Prism  
  78  6:17  Probe  
  82  6:25  Probe  
  83  6:27  Probe, Pylon  
  83  6:29  Probe  
  85  6:34  Pylon  
  85  6:37  Probe  
  85  6:40  Stalker x3  
  85  6:43  Probe  
  92  6:50  Gateway  
  92  6:53  Gateway  
  92  6:59  Observer (Chrono Boost)  
  92  7:00  Charge (Chrono Boost)  
  93  7:05  Gateway  
  93  7:09  Gateway  
  93  7:10  Gateway  
  93  7:11  Zealot x3  
  99  7:17  Warp Prism (Chrono Boost)  
  101  7:33  Nexus, Zealot x3  
  101  7:36  Pylon  
  107  7:37  Templar Archives  
  107  7:38  Pylon  
  107  7:47  Probe x2  
  107  7:48  Probe  
  107  7:49  Zealot  
  107  7:50  Pylon, Zealot  
  114  8:00  Photon Cannon  
  114  8:01  Photon Cannon  
  112  8:11  Zealot x8  
  128  8:16  Immortal  
  124  8:27  Probe x2  
  124  8:31  Stalker  
  124  8:32  Zealot, Stalker x2  
  128  8:38  Zealot  
  128  8:39  Probe x2  
  128  8:40  Zealot  
  127  8:42  Zealot  
  124  8:51  Probe x2  
  116  8:56  High Templar x5  
  116  9:02  Archon x2  
  118  9:03  High Templar x2  
  118  9:05  Probe x2, High Templar  
  118  9:06  Probe x2  
  128  9:12  Archon x2  
  128  9:17  Probe x2  
  128  9:18  Probe  
  128  9:20  Probe  
  132  9:28  Zealot x2  
  132  9:29  Zealot x3  
Tags
 
Add a new tag
Caveats
  • Supply blocks, unpowered buildings, or Contaminate may cause inaccurate times.
  • Supply counts are checked every 10 seconds.